 Dungeon Sprint DCSS version 0.27-a0-1502-g47ed6a6988 (webtiles) character file.

Game seed: 906233057926240354

4600000 tygod the Conqueror (level 27, -1/249 HPs)
             Began as a Formicid Abyssal Knight on July 8, 2021.
             Was the Champion of Lugonu.
             Killed by an exploding large bag of meat (25 damage)
             ... ignited by their inner flame
             ... in the Dungeon (Sprint VIII: "Arena of Blood").
             The game lasted 00:04:52 (46 turns).

tygod the Conqueror (Formicid Abyssal Knight)         Turns: 46, Time: 00:04:52

Health: -1/249     AC:  6    Str: 28    XL:     27
Magic:  21/46      EV: 24    Int: 12    God:    Lugonu [******]
Gold:   0          SH:  0    Dex: 12    Spells: 65/65 levels left

rFire    . . .     SeeInvis +   f - +∞ Axe of Woe
rCold    . . .     Faith    .   (no shield)
rNeg     . . .     Spirit   .   b - +0 leather armour
rPois    .         Reflect  .   (helmet unavailable)
rElec    .         Harm     .   (no cloak)
rCorr    .         Rampage  .   (no gloves)
Will     ++...                  (no boots)
Stlth    +++++++++.             (no amulet)
HPRegen  0.51/turn              g - +30 ring of slaying
MPRegen  0.30/turn              (no ring)

@: no status effects
A: permanent stasis, dig shafts and tunnels, antennae 3, four strong arms
a: Dig, Renounce Religion, Bend Space, Banish, Corrupt, Brand Weapon With
Distortion


You were in the Dungeon.
You worshipped Lugonu.
Lugonu was exalted by your worship.
You visited 1 branch

Inventory:

Hand Weapons
 a - a +1 hand axe
 f - the +∞ Axe of Woe (weapon)
   (You found it in the Dungeon)
Armour
 b - a +0 leather armour (worn)
Jewellery
 g - a +30 ring of slaying (left hand)
Potions
 c - a potion of curing
 d - a potion of heal wounds
 e - a potion of magic


   Skills:
 O Level 27 Fighting
 + Level 19.6(22.4) Short Blades
 + Level 19.6(22.4) Long Blades
 O Level 27 Axes
 + Level 19.6(27) Maces & Flails
 + Level 19.6(27) Polearms
 + Level 19.6(24.7) Staves
 + Level 21.0(24.0) Slings
 + Level 16.9 Bows
 + Level 19.6 Crossbows
 + Level 19.6(22.4) Throwing
 O Level 27 Armour
 O Level 27 Dodging
 O Level 27 Stealth
 + Level 22.5 Shields
 + Level 19.6 Unarmed Combat
 + Level 19.6 Spellcasting
 + Level 19.8 Conjurations
 + Level 22.5 Hexes
 + Level 19.6 Summonings
 + Level 19.6 Necromancy
 + Level 18.2 Translocations
 + Level 21.0 Transmutations
 + Level 19.6 Fire Magic
 + Level 19.6 Ice Magic
 + Level 16.9 Air Magic
 + Level 24.4 Earth Magic
 + Level 26.1 Poison Magic
 O Level 27 Invocations
 + Level 22.8 Evocations


You had 65 spell levels left.
You didn't know any spells.
Your spell library was empty.

Dungeon Overview and Level Annotations

Branches:
Dungeon (1/1)

Altars:
Makhleb

Annotations:
D corrupted


Innate Abilities, Weirdness & Mutations

You cannot be hasted, slowed, berserked, paralysed or teleported.
You can dig through walls and to a lower floor.
You have a pair of large antennae on your head. (SInv)
Your four strong arms can wield two-handed weapons with a shield.


Message History

The destroyer is engulfed in blazing flames.
A bag of meat comes into view. It is wielding a +9 war axe.
You hear a shout!
Your Shields skill increases to level 22!
Your Hexes skill increases to level 22!
Unknown command.
Unknown command.
You slice the destroyer!!
You dissect the destroyer like a pig carcass.
You destroy the destroyer!
Lugonu accepts your kill.
You hear a shout! x4
The meat berserker rages.
The tyrant gestures wildly while chanting.
The tyrant seems to speed up.
Something hits the large abomination!!!
The large abomination is destroyed!
You hear a shout!
A destroyer comes into view. It is wielding a +9 vorpal great sword.
You hear a shout! x3
Your base Slings skill increases to level 21!
Your Translocations skill increases to level 18!
Your Transmutations skill increases to level 21!
Your Earth Magic skill increases to level 24!
Your Poison Magic skill increases to level 26!
Unknown command.
Unknown command.
You dice the large bag of meat like an onion!!!
Flame seeps out of the large bag of meat.
You hew the large bag of meat savagely.
Lugonu accepts your kill.
You slice the meat berserker!!
You butcher the meat berserker messily.
You kill the meat berserker!
Lugonu accepts your kill.
You slice the bag of meat!!
You hew the bag of meat savagely.
You kill the bag of meat!
Lugonu accepts your kill.
The large bag of meat explodes!
The fiery explosion engulfs the bag of meat!! x2
The fiery explosion engulfs you!!
You die...

......#.#......
...............#
...O............
................
..............o
......z........
#4..o)§§#....
..#.o.o○@)#..{..
o##....§X§).##{{.
.....#.#))..O.V..
.......o○....zo..
....#.)☼oV#..L...
....._.<)_.......
....#....).......
......._#........
.......##.§.§§#.


You could see a tyrant (fast), 2 destroyers, 2 sculptors of flesh, a large bag
of meat (inner flame), a meat berserker (berserk), 6 bags of meat, a neutral
large abomination (summoned) and a neutral chaos spawn (summoned).

Vanquished Creatures
  6 vampire knights (D)
  13 ogres (D)
  3 two-headed ogres (D)
  A hydra (D)
  29 orcs (D)
  A skeletal warrior (D)
53 creatures vanquished.

Notes
Turn   | Place    | Note
-------+----------+-------------------------------------------
     0 | D        | Found the +∞ Axe of Woe
     0 | D        | tygod the Formicid Abyssal Knight began the quest for the
                  | Orb.
     0 | D        | Reached XP level 1. HP: 18/18 MP: 2/2
     1 | D        | Noticed a bag of meat
     2 | D        | Noticed a bag of meat
     3 | D        | Noticed a bag of meat
     4 | D        | Noticed a meat berserker
     4 | D        | Noticed a bag of meat
     7 | D        | Killed a meat berserker
     7 | D        | Killed a bag of meat
     7 | D        | Reached ** piety under Lugonu
     7 | D        | Noticed a bag of meat
     8 | D        | Reached skill level 27 in Fighting
     8 | D        | Reached skill level 15 in Armour
     8 | D        | Reached skill level 5 in Dodging
     8 | D        | Reached skill level 15 in Invocations
     8 | D        | Reached XP level 2. HP: 63/63 MP: 2/10
     8 | D        | Reached XP level 3. HP: 70/70 MP: 2/12
     8 | D        | Reached XP level 4. HP: 78/78 MP: 2/13
     8 | D        | Reached XP level 5. HP: 85/85 MP: 2/15
     8 | D        | Reached XP level 6. HP: 93/93 MP: 2/16
     8 | D        | Reached XP level 7. HP: 100/100 MP: 2/18
     8 | D        | Reached XP level 8. HP: 108/108 MP: 2/19
     8 | D        | Reached XP level 9. HP: 115/115 MP: 2/20
     8 | D        | Reached XP level 10. HP: 123/123 MP: 2/21
     8 | D        | Reached XP level 11. HP: 130/130 MP: 2/22
     8 | D        | Reached XP level 12. HP: 138/138 MP: 2/23
     8 | D        | Reached XP level 13. HP: 145/145 MP: 2/24
     8 | D        | Reached XP level 14. HP: 153/153 MP: 2/25
     8 | D        | Killed a bag of meat
     8 | D        | Noticed a meat berserker
     9 | D        | Reached XP level 15. HP: 159/159 MP: 2/27
    10 | D        | Reached *** piety under Lugonu
    11 | D        | Reached XP level 16. HP: 167/167 MP: 2/30
    11 | D        | Killed a meat berserker
    12 | D        | Noticed a meat berserker
    13 | D        | Reached XP level 17. HP: 164/174 MP: 3/32
    13 | D        | Noticed a meat berserker
    14 | D        | Noticed a meat berserker
    17 | D        | Killed a meat berserker
    17 | D        | Reached **** piety under Lugonu
    17 | D        | Noticed a meat berserker
    18 | D        | Reached skill level 27 in Armour
    18 | D        | Reached XP level 18. HP: 173/182 MP: 26/35
    18 | D        | Noticed a destroyer
    19 | D        | Killed a meat berserker
    20 | D        | Reached skill level 27 in Axes
    20 | D        | Reached skill level 27 in Invocations
    20 | D        | Killed a meat berserker
    20 | D        | Noticed a large bag of meat
    21 | D        | Reached XP level 19. HP: 181/189 MP: 26/36
    21 | D        | Reached ***** piety under Lugonu
    22 | D        | Corrupted D
    22 | D        | Noticed a destroyer
    23 | D        | Noticed a large bag of meat
    23 | D        | Noticed a meat berserker
    24 | D        | Killed a meat berserker
    25 | D        | Reached skill level 27 in Dodging
    25 | D        | Reached XP level 20. HP: 185/197 MP: 20/37
    25 | D        | Noticed a meat berserker
    26 | D        | Noticed a large bag of meat
    28 | D        | Reached skill level 5 in Bows
    28 | D        | Reached skill level 5 in Conjurations
    28 | D        | Reached skill level 5 in Translocations
    28 | D        | Reached skill level 5 in Air Magic
    29 | D        | Killed a meat berserker
    29 | D        | Killed a large bag of meat
    30 | D        | Reached skill level 27 in Stealth
    30 | D        | Reached XP level 21. HP: 89/204 MP: 21/38
    30 | D        | Reached XP level 22. HP: 93/212 MP: 21/39
    30 | D        | Noticed a destroyer
    31 | D        | Killed a destroyer
    31 | D        | Killed a destroyer
    32 | D        | Reached skill level 10 in Short Blades
    32 | D        | Reached skill level 10 in Long Blades
    32 | D        | Reached skill level 10 in Maces & Flails
    32 | D        | Reached skill level 10 in Polearms
    32 | D        | Reached skill level 10 in Staves
    32 | D        | Reached skill level 10 in Crossbows
    32 | D        | Reached skill level 10 in Throwing
    32 | D        | Reached skill level 10 in Unarmed Combat
    32 | D        | Reached skill level 10 in Spellcasting
    32 | D        | Reached skill level 10 in Conjurations
    32 | D        | Reached skill level 10 in Summonings
    32 | D        | Reached skill level 10 in Necromancy
    32 | D        | Reached skill level 10 in Fire Magic
    32 | D        | Reached skill level 10 in Ice Magic
    32 | D        | Reached XP level 23. HP: 96/219 MP: 22/40
    32 | D        | Reached ****** piety under Lugonu
    33 | D        | Reached skill level 10 in Translocations
    33 | D        | Reached skill level 15 in Poison Magic
    33 | D        | Banished a large bag of meat
    34 | D        | Reached skill level 10 in Bows
    34 | D        | Reached skill level 10 in Air Magic
    34 | D        | Reached skill level 15 in Earth Magic
    34 | D        | Noticed a destroyer
    35 | D        | Reached skill level 15 in Shields
    35 | D        | Reached skill level 15 in Hexes
    35 | D        | Reached skill level 15 in Evocations
    35 | D        | Reached XP level 24. HP: 101/227 MP: 18/40
    35 | D        | Noticed a destroyer
    35 | D        | Noticed a large bag of meat
    35 | D        | Killed a large bag of meat
    36 | D        | Reached skill level 15 in Slings
    36 | D        | Reached skill level 15 in Transmutations
    36 | D        | Reached XP level 25. HP: 65/234 MP: 18/41
    36 | D        | Killed a destroyer
    36 | D        | Noticed a destroyer
    37 | D        | Reached skill level 15 in Short Blades
    37 | D        | Reached skill level 15 in Long Blades
    37 | D        | Reached skill level 15 in Maces & Flails
    37 | D        | Reached skill level 15 in Polearms
    37 | D        | Reached skill level 15 in Staves
    37 | D        | Reached skill level 15 in Crossbows
    37 | D        | Reached skill level 15 in Throwing
    37 | D        | Reached skill level 15 in Unarmed Combat
    37 | D        | Reached skill level 15 in Spellcasting
    37 | D        | Reached skill level 15 in Conjurations
    37 | D        | Reached skill level 15 in Summonings
    37 | D        | Reached skill level 15 in Necromancy
    37 | D        | Reached skill level 15 in Fire Magic
    37 | D        | Reached skill level 15 in Ice Magic
    37 | D        | Reached XP level 26. HP: 49/242 MP: 19/42
    37 | D        | Noticed a destroyer
    37 | D        | Killed a destroyer
    38 | D        | Reached skill level 15 in Translocations
    41 | D        | Reached XP level 27. HP: 23/249 MP: 20/44
    41 | D        | Killed a destroyer
    42 | D        | Reached skill level 15 in Bows
    42 | D        | Reached skill level 15 in Air Magic
    42 | D        | Noticed a large bag of meat
    43 | D        | Noticed a tyrant
    45 | D        | Killed a destroyer
    45 | D        | Noticed a destroyer
    46 | D        | Killed a large bag of meat
    46 | D        | Killed by an exploding large bag of meat... ignited by
                  | their inner flame

Illustrated notes

Levels and vault maps discovered:
D:        meatsprint

Skill      XL: |  1  2  3  4  5  6  7  8  9 10 11 12 13 14 15 16 17 18 19 20 21 22 23 24 25 26 27 |
---------------+----------------------------------------------------------------------------------+-----
Fighting       | 27 | 27.0
Axes           | 14 16 19 23 26 27 | 27.0
Armour         | 15 18 21 24 27 | 27.0
Dodging        | 5 6 7 9 11 24 27 | 27.0
Invocations    | 15 17 20 23 26 27 | 27.0
Short Blades   | 6 10 13 14 15 17 19 | 19.6
Long Blades    | 6 10 13 14 15 17 19 | 19.6
Maces & Flails | 6 10 13 14 15 17 19 | 19.6
Polearms       | 6 10 13 14 15 17 19 | 19.6
Staves         | 6 10 13 14 15 17 19 | 19.6
Slings         | 7 11 14 15 17 18 21 | 21.0
Bows           | 5 8 11 12 13 14 16 | 16.9
Crossbows      | 6 10 13 14 15 17 19 | 19.6
Throwing       | 6 10 13 14 15 17 19 | 19.6
Stealth        | 27 | 27.0
Shields        | 7 12 15 16 18 19 22 | 22.5
Unarmed Combat | 6 10 13 14 15 17 19 | 19.6
Spellcasting   | 6 10 13 14 15 17 19 | 19.6
Conjurations   | 5 10 13 14 15 17 19 | 19.8
Hexes          | 7 12 15 16 18 19 22 | 22.5
Summonings     | 6 10 13 14 15 17 19 | 19.6
Necromancy     | 6 10 13 14 15 17 19 | 19.6
Translocations | 5 9 12 13 14 15 18 | 18.2
Transmutations | 7 11 14 15 17 18 21 | 21.0
Fire Magic     | 6 10 13 14 15 17 19 | 19.6
Ice Magic      | 6 10 13 14 15 17 19 | 19.6
Air Magic      | 5 8 11 12 13 14 16 | 16.9
Earth Magic    | 7 13 16 17 19 21 24 | 24.4
Poison Magic   | 8 14 17 18 21 23 26 | 26.1
Evocations     | 7 12 15 16 18 20 22 | 22.8

Action                   |  1- 3 |  4- 6 |  7- 9 | 10-12 | 13-15 | 16-18 | 19-21 | 22-24 | 25-27 || total
-------------------------+-------+-------+-------+-------+-------+-------+-------+-------+-------++-------
Melee: Executioner's axe |     1 |       |       |       |     3 |     5 |     4 |     4 |    10 ||    27
Invok: Corrupt           |       |       |       |       |       |       |     1 |       |       ||     1
       Banish            |       |       |       |       |       |       |       |     1 |       ||     1
 Abil: Dig               |     3 |       |       |       |       |       |     3 |       |       ||     6
  Use: Potion            |       |       |       |       |       |     1 |       |       |       ||     1
 Stab: Distracted        |       |       |       |       |       |       |     1 |       |       ||     1
Armor: Leather armour    |       |       |       |       |       |       |     1 |       |       ||     1
Dodge: Dodged            |       |       |       |       |       |     1 |       |       |       ||     1

Table legend: (Time is in decaauts)
 A = Elapsed time spent in this place.
 B = Non-inter-level travel time spent in this place.
 C = Inter-level travel time spent in this place.
 D = Time resting spent in this place.
 E = Time spent auto-exploring this place.
 F = Levels seen in this place.
 G = Mean time per level.
                   A        B        C        D        E       F      G
               +--------+--------+--------+--------+--------+-----+--------+
         Total |     40 |     40 |      0 |      0 |      0 |   1 |   40.0 |
       Dungeon |     40 |     40 |      0 |      0 |      0 |   1 |   40.0 |
               +--------+--------+--------+--------+--------+-----+--------+

Top non-repeatable levels by time:
       D: 40 daAuts
